 Dungeon Crawl Stone Soup version 0.18-a0-1685-g4482fe3 (webtiles) character file.

237 OrbMaster the Skirmisher (level 5, -2/42 HPs)
             Began as a Demonspawn Wanderer on Apr 4, 2016.
             Was a Follower of Vehumet.
             Slain by an ogre
             ... wielding a +0 giant club
              (24 damage)
             ... on level 4 of the Dungeon.
             The game lasted 00:08:49 (3175 turns).

OrbMaster the Skirmisher (Demonspawn Wanderer)      Turns: 3175, Time: 00:08:50

Health: -2/42      AC: 15    Str: 10 (12) XL:     5   Next: 77%
Magic:  11/11      EV:  8    Int: 10 (13) God:    Vehumet [*.....]
Gold:   112        SH:  0    Dex: 11 (13) Spells: 1 memorised, 11 levels left

rFire  . . .     SeeInvis .     k - +0 spear
rCold  . . .     Gourm    .     a - +2 scale mail
rNeg   . . .     Faith    .     (no shield)
rPois  .         Spirit   .     (helmet restricted)
rElec  .         Dismiss  .     u - +1 cloak
rCorr  .         Reflect  .     h - +0 pair of gloves
SustAt .         Harm     .     (no boots)
MR     .....     Rnd*Tele +     (no amulet)
Stlth  ..........               (no ring)
                                v - ring of teleportation (curse)

@: not resistant to hostile enchantments, extremely unstealthy
A: antennae 1, rough black scales 1
a: Renounce Religion


You were on level 4 of the Dungeon.
You worshipped Vehumet.
Vehumet was aware of your devotion.
You were not hungry.

You visited 1 branch of the dungeon, and saw 4 of its levels.

You collected 112 gold pieces.

Inventory:

Hand Weapons
 b - a +0 hand crossbow
 j - a +0 short sword
 k - a +0 spear (weapon)
Missiles
 c - 10 bolts
Armour
 a - a +2 scale mail (worn)
 h - a +0 pair of gloves (worn)
 u - a +1 cloak (worn)
Jewellery
 v - a cursed ring of teleportation (left hand)
Scrolls
 d - 2 scrolls of teleportation
 e - 3 scrolls of identify
 i - a scroll of blinking
Potions
 g - a potion of curing
 o - a potion of invisibility
Books
 y - a book of Burglary

   Spells                             Type                      Level
   a - Swiftness                      Charms/Air                   2
   b - Passwall                       Transmutation/Earth          2
   c - Passage of Golubria            Translocation                4
   d - Lee's Rapid Deconstruction     Earth                        5
   e - Darkness                       Hexes                        6
   f - Invisibility                   Hexes                        6
Comestibles
 f - 3 bread rations
 m - 2 meat rations
 n - 2 slices of pizza
 r - 2 beef jerkies
 w - 6 fruits


   Skills:
 - Level 4.3 Fighting
   Level 1.0 Bows
 - Level 2.6 Crossbows
 - Level 1.0 Armour
 - Level 1.0 Stealth
 + Level 4.0 Spellcasting
 * Level 1.1 Conjurations
   Level 1.0 Evocations


You had 11 spell levels left.
You knew the following spells:

 Your Spells              Type           Power        Failure   Level  Hunger
a - Magic Dart            Conj           #...         93%         1    #......


Dungeon Overview and Level Annotations

Branches:
Dungeon (4/15)             Temple (0/1) D:4

Altars:
Cheibriados
Gozag
Kikubaaqudgha
Makhleb
Ru
Vehumet
The Shining One


Innate Abilities, Weirdness & Mutations

You have a pair of small antennae on your head.
You are partially covered in rough black scales (AC +4, Dex -1).


Message History

The worker ant is almost dead.
The worker ant bites you but does no damage.
You barely miss the worker ant.
The worker ant is almost dead.
You feel sick.
The worker ant waves its antennae.
The worker ant bites you but does no damage.
You closely miss the worker ant.
The worker ant is almost dead.
You feel sick. The worker ant barely misses you.
You hit the worker ant.
You kill the worker ant!
Vehumet accepts your kill.
Your Conjurations skill increases to level 1!
You feel sick.
You feel sick.
Drink which item? (? for menu, Esc to quit)
You feel better. The ogre hits you with a giant club!!
Ouch! That really hurt!
You die...

#######.......#..............
#............##..............
#.........P♣..#..............
#.........♣...#...........##.
#............##....##.....##.
#........#...##....##.....##.
#........#.........#########.
#........#...##.....# #..
#........#..@##.....# ##.
#........#)..O......# ##
#........#...##....##
#.......)#(..#####'##
#........#..>...O...#
#........#..........#
#........#..........#
#........############
##########


You could see an ogre.

Vanquished Creatures
  2 iguanas (D:3)
  2 orc wizards (D:3)
  A worker ant (D:4)
  4 adders
  An ooze (D:3)
  An adder skeleton (D:4)
  A worm (D:4)
  2 dart slugs (D:1)
  2 giant geckos
  2 orcs
  3 giant cockroaches
  4 goblins
  14 hobgoblins
  8 kobolds
  A quokka (D:4)
  A ball python (D:1)
  2 bats (D:1)
  A giant newt (D:1)
  8 rats
60 creatures vanquished.

Notes
Turn   | Place    | Note
--------------------------------------------------------------
     0 | D:1      | OrbMaster the Demonspawn Wanderer began the quest for the Orb.
     0 | D:1      | OrbMaster set off with: a +2 scale mail, a +0 hand crossbow, 22 bolts, a scroll of teleportation, a bread ration
     0 | D:1      | Reached XP level 1. HP: 18/18 MP: 1/1
   108 | D:1      | Gained mutation: You are partially covered in rough black scales (AC +4, Dex -1). [demonic ancestry]
   108 | D:1      | Reached XP level 2. HP: 18/24 MP: 2/2
   255 | D:1      | Found a glowing golden altar of the Shining One.
   954 | D:2      | Reached XP level 3. HP: 30/30 MP: 3/3
  1319 | D:2      | Found a snail-covered altar of Cheibriados.
  1323 | D:2      | Found an ancient bone altar of Kikubaaqudgha.
  1323 | D:2      | Found a radiant altar of Vehumet.
  1324 | D:2      | Found an opulent altar of Gozag.
  1327 | D:2      | Found a burning altar of Makhleb.
  1331 | D:2      | Became a worshipper of Vehumet
  1470 | D:2      | Reached skill level 1 in Spellcasting
  1601 | D:3      | Reached XP level 4. HP: 28/37 MP: 4/6
  2021 | D:3      | Gained mutation: You have a pair of small antennae on your head. [demonic ancestry]
  2021 | D:3      | Reached XP level 5. HP: 19/42 MP: 9/9
  2191 | D:3      | Found a sacrificial altar of Ru.
  2353 | D:3      | Found a faded altar to an unknown god.
  2601 | D:4      | Noticed an ogre
  2986 | D:4      | Reached * piety under Vehumet
  2986 | D:4      | Offered knowledge of Magic Dart by Vehumet.
  2989 | D:4      | Learned a level 1 spell: Magic Dart
  3086 | D:4      | Found a staircase to the Ecumenical Temple.
  3169 | D:4      | Reached skill level 1 in Conjurations
  3175 | D:4      | Slain by an ogre

Vault maps used:
D:1:      minmay_arrival_four_circles, tso_metal_star
D:2:      minitemple
D:3:      lemuel_crystal_altar, ecumenical_altar_2, first_bread
D:4:      minmay_temple_entry_fiery, serial_park_tiny_1, st_stairs_13,
          grunt_ministairs_5

Skill      XL: |  1  2  3  4  5 |
---------------+----------------+-----
Fighting       | 4 |  4.3
Spellcasting   | 1 3 4 |  4.0
Conjurations   | 1 |  1.1
Bows           | |  1.0
Crossbows      | |  2.6
Armour         | |  1.0
Stealth        | |  1.0
Evocations     | |  1.0

Action                   |  1- 3 |  4- 6 || total
-------------------------+-------+-------++-------
Melee: Spear             |       |   102 ||   102
 Fire: Hand crossbow     |    92 |    26 ||   118
  Use: Potion            |     1 |     3 ||     4
       Scroll            |       |     7 ||     7
  Eat: Chunk             |     1 |     6 ||     7
